 Dungeon Crawl Stone Soup version 0.27.1-3-gb3d3a73c9e (webtiles) character file.

Game seed: 65194138791041221

53 Darkdai the Bolt Thrower (level 4, 0/26 HPs)
             Began as a Kobold Arcane Marksman on Oct 29, 2021.
             Succumbed to a gnoll's poison
             ... on level 3 of the Dungeon.
             The game lasted 00:05:48 (2966 turns).

Darkdai the Bolt Thrower (Kobold Arcane Marksman)   Turns: 2966, Time: 00:05:49

Health: 0/26       AC:  8    Str:  8    XL:     4   Next: 11%
Magic:  5/5        EV: 12    Int: 14    God:
Gold:   119        SH:  0    Dex: 15    Spells: 4/5 levels left

rFire    + . .     SeeInvis .   t - +3 dagger
rCold    . . .     Faith    .   (shield restricted)
rNeg     . . .     Spirit   .   u - +2 ring mail {rF+}
rPois    .         Reflect  .   (no helmet)
rElec    .         Harm     .   (no cloak)
rCorr    .         Rampage  .   f - +0 pair of gloves
Will     .....                  (no boots)
Stlth    ++........             (no amulet)
HPRegen  0.08/turn              (no ring)
MPRegen  0.09/turn              (no ring)

@: lethally poisoned (0 -> -19)
A: small, no large weapons, nightstalker 3
a: no special abilities


You were on level 3 of the Dungeon.
You visited 1 branch of the dungeon, and saw 3 of its levels.

You collected 119 gold pieces.

Inventory:

Hand Weapons
 a - a +0 hand crossbow
 m - a +2 dagger of draining
 q - a +1 mace of holy wrath
 t - a +3 dagger (weapon)
Missiles
 c - 33 bolts
 n - 79 stones (quivered)
 p - 9 arrows
Armour
 f - a +0 pair of gloves (worn)
 u - a +2 ring mail of fire resistance (worn)
Magical Staves
 h - a staff of earth
 v - a staff of air
Scrolls
 e - 2 scrolls of identify {unknown}
 j - a scroll of amnesia {unknown}
 o - a scroll of magic mapping {unknown}
 s - a scroll of teleportation {unknown}
Potions
 b - 2 potions of flight {unknown}
 g - a potion of might {unknown}
 i - a potion of cancellation {unknown}
 k - a potion of heal wounds {unknown}
 l - a potion of resistance {unknown}
 r - a potion of curing {unknown}


   Skills:
 * Level 1.8 Fighting
 - Level 1.0 Short Blades
 + Level 3.6 Crossbows
 * Level 0.4 Armour
 - Level 2.7 Dodging
 - Level 1.1 Spellcasting
 - Level 3.4 Hexes


You had 4 spell levels left.
You knew the following spells:

 Your Spells              Type           Power      Damage    Failure   Level
a - Corona                Hex            11%        N/A       21%         1

Your spell library contained the following spells:

 Spells                   Type           Power      Damage    Failure   Level
 Slow                     Hex            10%        N/A       30%         2
 Inner Flame              Hex/Fire       5%         N/A       77%         3
 Portal Projectile        Hex/Tloc       10%        N/A       77%         3
 Cause Fear               Hex            5%         N/A       89%         4


Dungeon Overview and Level Annotations

Branches:
Dungeon (3/15)

Altars:


Innate Abilities, Weirdness & Mutations

You are small and have problems with some larger weapons.
You are completely attuned to the shadows.


Message History

You see here a +0 robe.
You start resting.
HP restored.
You climb downwards.
The bat completely misses you. The bat barely misses you.
There is a stone staircase leading up here.
The bat hits you but does no damage. The bat closely misses you.
You hit the bat.
You kill the bat!
No target in view!
You see here a bat corpse.
Found 12 gold pieces.
You now have 103 gold pieces (gained 12).
Found 16 gold pieces.
You now have 119 gold pieces (gained 16).
A gnoll comes into view. It is wielding a +0 whip of venom.
The gnoll shouts!
A gnoll comes into view. It is wielding a +0 halberd.
You closely miss the gnoll.
The gnoll shouts!
You hear a shout!
A gnoll comes into view. It is wielding a +0 club.
The gnoll hits you with a +0 whip of venom.
You are poisoned.
You closely miss the gnoll.
You feel sick. The gnoll hits you but does no damage.
You are more poisoned.
You hit the gnoll.
The gnoll is moderately wounded.
You feel very sick. The gnoll misses you.
The gnoll hits you with a +0 whip of venom.
You are lethally poisoned!
You closely miss the gnoll.
The gnoll is moderately wounded.
You feel very sick.
The gnoll hits you from afar with a +0 halberd!
* * * LOW HITPOINT WARNING * * *
You barely miss the gnoll.
The gnoll is moderately wounded.
You die...

#.# ##.#####
#.......
#..#####
##..##.. ..#
#...##.# #g#
#...##.# #g#
#.#....# #g#
#...##.# #@#
#.####.#####.#
#. #.......# .
####.#### #.#
#.# #.# #.#


You could see 3 gnolls.

Vanquished Creatures
  An adder (D:2)
  2 worms
  2 ball pythons
  3 bats
  2 endoplasms
  4 goblins
  2 hobgoblins
  10 jackals
  A frilled lizard (D:2)
  6 kobolds
  A rat (D:1)
34 creatures vanquished.

Notes
Turn   | Place    | Note
-------+----------+-------------------------------------------
     0 | D:1      | Darkdai the Kobold Arcane Marksman began the quest for the
                  | Orb.
     0 | D:1      | Reached XP level 1. HP: 12/12 MP: 2/2
   129 | D:1      | Reached XP level 2. HP: 13/16 MP: 3/3
   946 | D:1      | Reached XP level 3. HP: 20/20 MP: 4/4
  1477 | D:2      | Reached skill level 1 in Short Blades
  2100 | D:2      | Reached XP level 4. HP: 25/26 MP: 5/5
  2396 | D:2      | Found a faded altar of an unknown god.
  2966 | D:3      | Succumbed to a gnoll's poison

Illustrated notes

Levels and vault maps discovered:
D:1:      erik_arrival_cave_to_civilisation [erik_arrival_cave_to_hall],
          layout_basic
D:2:      layout_basic, shapermc_ecumenical_altar_hornbeckon
D:3:      layout_loops_ring, grunt_temple_overflow_growth_and_decay,
          kennysheep_path_1

Skill      XL: |  1  2  3 |
---------------+----------+-----
Crossbows      | 3 |  3.6
Short Blades   | 1 |  1.0
Fighting       | |  1.8
Armour         | |  0.4
Dodging        | |  2.7
Spellcasting   | |  1.1
Hexes          | |  3.4

Action                   |  1- 3 |  4- 6 || total
-------------------------+-------+-------++-------
Melee: Dagger            |    63 |    23 ||    86
 Fire: Hand crossbow     |    18 |       ||    18
Throw: Stone             |     2 |       ||     2
 Stab: Sleeping          |     7 |       ||     7
Armor: Ring mail         |     6 |     3 ||     9
       Robe              |     2 |       ||     2
Dodge: Dodged            |    45 |    10 ||    55
